 Dungeon Crawl Stone Soup version 0.28.0 (console) character file.

Game seed: 2764714886581209620

228658 ryathie the Brawler (level 19, -2/192 (201) HPs)
             Began as a Troll Fighter on Feb 8, 2022.
             Was a High Priest of Trog.
             Succumbed to poison (dark miasma)
             ... in the Vestibule of Hell.
             The game lasted 01:53:07 (33418 turns).

ryathie the Brawler (Troll Fighter)                Turns: 33418, Time: 01:53:07

HP:   -2/192 (201)  AC: 28    Str: 29    XL:     19   Next: 7%
MP:   11/18         EV:  8    Int:  6    God:    Trog [*****.]
Gold: 878           SH: 10    Dex: 13    Spells: 18/18 levels left

rFire   . . .      SeeInvis .     - Unarmed
rCold   + . .      Faith    .   b - +0 kite shield
rNeg    . . .      Spirit   +   l - +3 storm dragon scales
rPois   .          Reflect  .   (helmet restricted)
rElec   +          Harm     .   T - +2 cloak
rCorr   .          Rampage  .   (gloves unavailable)
Will    +++..                   (boots unavailable)
Stlth   ..........              U - amulet of guardian spirit
HPRegen 2.22/turn               S - ring of protection from cold
MPRegen 0.16/turn               I - +4 ring of protection

@: lethally poisoned (-2 -> -31), strong-willed, on berserk cooldown,
regenerating, slowed, lightly drained, very slow
A: large, unfitting armour, claws 3, regeneration 1, shaggy fur 1, tough skin 1
a: Renounce Religion, Berserk, Trog's Hand, Brothers in Arms


You were in the Vestibule of Hell.
You worshipped Trog.
Trog was extremely pleased with you.
You visited 4 branches of the dungeon, and saw 21 of its levels.
You visited 1 bazaar.
You also visited: Bailey.

You collected 1668 gold pieces.
You spent 790 gold pieces at shops.

Inventory:

Missiles
 G - 5 throwing nets
 R - 36 large rocks (quivered)
 W - 15 curare-tipped darts
Armour
 b - a +0 kite shield (worn)
 l - +3 storm dragon scales (worn)
 o - the +4 skin of Zhor {*Englaciate rC+++ SInv}
   (You acquired it on level 9 of the Dungeon)

   It radiates cold, occasionally slowing all nearby creatures who are not
   resistant to cold.
   rC:        It renders you almost immune to cold.
   SInv:      It lets you see invisible.
 w - +0 gold dragon scales
 T - a +2 cloak (worn)
Jewellery
 h - a ring of willpower
 j - a ring of see invisible
 r - a ring of positive energy
 v - a ring of positive energy
 D - a ring of flight
 I - a +4 ring of protection (right claw)
 M - a ring of protection from fire
 S - a ring of protection from cold (left claw)
 U - an amulet of guardian spirit (around neck)
Wands
 a - a wand of acid (7)
 q - a wand of paralysis (9)
 u - a wand of polymorph (20)
 C - a wand of digging (4)
 H - a wand of flame (54)
 K - a wand of iceblast (20)
 O - a wand of mindburst (23)
Scrolls
 f - 4 scrolls of immolation
 i - 8 scrolls of teleportation
 m - 9 scrolls of identify
 p - a scroll of magic mapping
 s - 3 scrolls of silence
 t - a scroll of blinking
 x - 3 scrolls of vulnerability
 P - a scroll of holy word
 Q - a scroll of fear
Potions
 c - 9 potions of might
 d - 2 potions of attraction
 e - 2 potions of haste
 g - 5 potions of lignification
 k - 7 potions of curing
 n - 2 potions of cancellation
 z - 2 potions of mutation
 A - 3 potions of magic
 E - 2 potions of flight
 J - a potion of berserk rage
 V - a potion of invisibility
Miscellaneous
 y - the horn of Geryon
 Y - a condenser vane
 Z - a phial of floods


   Skills:
 + Level 15.4 Fighting
 - Level 8.0 Throwing
 - Level 13.0 Armour
 - Level 6.0 Dodging
 + Level 9.8 Shields
 + Level 20.4 Unarmed Combat
 - Level 7.0 Evocations


You had 18 spell levels left.
You didn't know any spells.
Your spell library contained the following spells:

 Spells                   Type           Power      Damage    Failure   Level
 Animate Skeleton         Necr           0%         N/A       98%         1
 Pain                     Necr           0%         1d4       98%         1
 Corpse Rot               Necr/Air       0%         N/A       99%         2
 Scorch                   Fire           0%         2d5       99%         2
 Dazzling Flash           Conj/Hex       0%         N/A       100%        3
 Vampiric Draining        Necr           0%         2d6       100%        3
 Dispel Undead            Necr           0%         3d6       100%        4
 Flame Wave               Conj/Fire      0%         2d4       100%        4
 Iskenderun's Mystic Bla  Conj/Tloc      0%         2d3       100%        4
 Death Channel            Necr           0%         N/A       100%        6
 Starburst                Conj/Fire      0%         6d3       100%        6
 Summon Cactus Giant      Summ           0%         N/A       100%        6


Dungeon Overview and Level Annotations

Branches:
Dungeon (15/15)            Temple (1/1) D:4            Lair (0/6) D:9
    Orc (0/2) D:9          Vaults (0/5) D:13         Depths (4/4) D:15
   Hell (1/1)                 Zot (0/5) Depths:4     Bailey (visited)
    Dis: Hell:1         Geh: Hell:1         Coc: Hell:1         Tar: Hell:1

Altars:
Ashenzari
Cheibriados
Dithmenos
Elyvilon
Fedhas
Gozag
Hepliaklqana
Kikubaaqudgha
Makhleb
Nemelex Xobeh
Okawaru
Qazlal
Ru
Sif Muna
Trog
Uskayaw
Vehumet
Wu Jian
Xom
Yredelemnul
Zin
The Shining One
Lugonu

Shops:
D:8 (   D:14 !

Portals:
Hell: Depths:1 Depths:2 Depths:3 Depths:4
Abyss: Depths:1 Depths:3
Pandemonium: Depths:2 Depths:4

Annotations:
D:9 exclusion: 2 downstairs
Depths:1 exclusions: floating eye and 3 more exclusions
Depths:2 2 transporters, ragingrage's ghost, adept MiBe


Innate Abilities, Weirdness & Mutations

You are too large for most types of armour.
You have claws for hands.
Your natural rate of healing is unusually fast.
You are covered in fur. (AC +1)
You have tough skin. (AC +1)


Message History

You mangle the tainted leviathan!!
The tainted leviathan is severely damaged.
You are engulfed in dark miasma.
You are more poisoned.
You feel extremely sick.
You mangle the tainted leviathan!!
The tainted leviathan is almost destroyed.
You feel extremely sick. The tainted leviathan hits you.
* * * LOW HITPOINT WARNING * * *
You block the tainted leviathan's attack.
You mangle the tainted leviathan!!
The tainted leviathan is almost destroyed.
You are engulfed in dark miasma.
You are more poisoned.
You feel as though you will be slow longer.
* * * LOW HITPOINT WARNING * * *
You feel extremely sick.
The tainted leviathan hits you but does no damage.
The tainted leviathan hits you!
* * * LOW HITPOINT WARNING * * *
You feel drained.
* * * LOW HITPOINT WARNING * * *
You eviscerate the tainted leviathan!!!
You destroy the tainted leviathan!
Trog accepts your kill.
You are engulfed in dark miasma.
You are lethally poisoned!
You feel as though you will be slow longer.
* * * LOW HITPOINT WARNING * * *
x2 You feel extremely sick.
* * * LOW HITPOINT WARNING * * *
You feel extremely sick.
You feel a strong urge to attack something.
* * * LOW HITPOINT WARNING * * *
You feel extremely sick.
You are no longer berserk.
You are exhausted.
You feel as though you will be slow longer.
You die...

...###C##
pp∩≈.
..##
##°##
≈≈pp .#
##.## #.≈
.
##.###.#
##.#(##
##)#°##
####.##
##.##
##@# ##.#
#.# #.#
##


There were no monsters in sight!

Vanquished Creatures
  A royal mummy (Depths:2)
  Saint Roka (Depths:2)
  Geryon (Hell)
  4 golden dragons
  A bone dragon (Depths:4)
  An iron giant (Hell)
  A walking crystal tome (Depths:2)
  A tainted leviathan (Hell)
  A lich (Depths:4)
  A walking frostbound tome (Depths:3)
  A sphinx (Depths:3)
  3 storm dragons
  Kirke (D:14)
  2 tengu reavers
  3 fire giants
  A balrug (Depths:2)
  A draconian scorcher (Depths:4)
  7 frost giants
  A spectral juggernaut (Depths:2)
  A juggernaut zombie (Depths:1)
  Aizul (Depths:3)
  An orc warlord (Depths:1)
  2 reapers (Hell)
  4 spriggan defenders
  A draconian stormcaller (Depths:4)
  16 very ugly things
  Nessos (D:15)
  6 stone giants
  A lorocyproca (Depths:3)
  5 putrid mouths
  2 black draconians (Depths:3)
  3 vampire knights
  3 purple draconians
  2 green draconians (Depths:4)
  A spectral titan (Depths:2)
  12 spark wasps
  A yellow draconian (Depths:4)
  2 blizzard demons (Depths:2)
  5 ettins
  A kraken zombie (Hell)
  2 jiangshi
  An iron golem (Depths:2)
  5 fire dragons
  2 spectral quicksilver dragons (Depths:2)
  2 yaktaur captains
  4 mummy priests (Depths:2)
  Erolcha (D:10)
  4 boulder beetles
  9 ice dragons
  A hell beast (Depths:1)
  A spectral golden dragon (Depths:2)
  7 great orbs of eyes
  3 rakshasas
  5 spriggan air magi
  2 vault guards (D:13)
  2 hydras
  A spectral sphinx (Depths:2)
  A spriggan skeleton (Depths:1)
  Harold (D:8)
  4 spectral frost giants (Depths:2)
  2 death knights
  9 centaur warriors
  An ogre mage (D:13)
  7 two-headed ogres
  A spectral fire giant (Depths:2)
  7 tengu warriors
  10 deep troll earth magi
  10 deep troll shamans
  2 vampire magi (Depths:1)
  2 orc high priests (Depths:1)
  Urug (D:12)
  A hell hog (Depths:1)
  7 spriggan berserkers
  Nergalle (D:10)
  5 sun demons
  2 soul eaters
  7 hell knights
  17 iron trolls
  6 skeletal warriors (D:12)
  A shadow wraith (D:13)
  4 glowing orange brains
  A golden dragon zombie (Depths:3)
  A spectral spark wasp (Depths:2)
  2 spectral iron dragons (Depths:2)
  31 deep trolls
  A quicksilver dragon simulacrum (Depths:1)
  2 flayed ghosts (Depths:3)
  The ghost of YungCoward the Skirmisher, a novice GrBe of Trog (D:8)
  2 phantasmal warriors (Depths:3)
  3 wizards
  An obsidian statue (Depths:2)
  A tengu zombie (Depths:3)
  6 necromancers
  Pikel (D:5)
  An anaconda skeleton (Hell)
  5 orc knights
  4 manticores
  3 deep elf pyromancers
  A sphinx zombie (Depths:1)
  A spectral spriggan (Depths:2)
  28 ugly things
  A cyclops (D:13)
  An orc sorcerer (Depths:1)
  Maurice (D:13)
  2 molten gargoyles (Hell)
  3 gargoyles
  A rust devil (Depths:2)
  Maggie (D:6)
  3 unseen horrors
  A kobold demonologist (D:8)
  3 komodo dragons
  A sea snake zombie (Hell)
  3 freezing wraiths
  An efreet (D:13)
  2 komodo dragons (shapeshifter)
  2 yaktaurs (D:13)
  A demonic crawler (Depths:2)
  2 ice devils (Depths:2)
  4 tengu conjurers
  4 red devils
  8 guardian mummies (Depths:2)
  2 spectral glowing shapeshifters (Depths:2)
  A golden dragon simulacrum (Depths:3)
  7 trolls
  6 hornets
  Grinder (D:3)
  2 spriggan zombies (Depths:1)
  17 slime creatures
  An alligator zombie (Hell)
  9 spriggans
  4 wraiths
  2 shadows
  3 water elementals
  2 hogs
  A basilisk (D:13)
  A wyvern (D:9)
  12 yaks
  17 humans (D:13)
  3 steam dragons (D:8)
  2 chaos spawn
  10 vampire mosquitoes (D:13)
  A swamp worm (shapeshifter) (D:13)
  3 acid dragons
  Edmund (D:4)
  6 hell hounds
  2 water moccasins
  A floating eye (Depths:2)
  A sky beast (D:6)
  A black bear (D:6)
  11 orc warriors
  An ettin simulacrum (Hell)
  3 necrophages
  3 ogres
  16 centaurs
  A lemure (D:5)
  10 kobold brigands (D:8)
  A scorpion (shapeshifter) (Depths:3)
  Blork the orc (D:5)
  A bullfrog (D:8)
  4 earth elementals
  A scorpion (D:4)
  2 gnoll sergeants
  A wyvern skeleton (D:7)
  6 killer bees (D:9)
  An electric eel (D:10)
  4 howler monkeys
  5 centaur zombies
  A bullfrog zombie (D:5)
  A jelly (D:5)
  6 orc priests
  A gnoll shaman (D:4)
  5 hounds
  A bullfrog skeleton (D:6)
  A centaur skeleton (D:7)
  An iron imp (D:4)
  Ijyb (D:5)
  3 iguanas (D:6)
  12 orc wizards
  Natasha (twice) (D:4)
  5 hell rats
  5 polar bear simulacra (D:10)
  Terence (D:2)
  A yak simulacrum (D:10)
  18 gnolls
  2 howler monkey skeletons
  8 adders
  2 shadow imps
  2 ufetubi
  An adder skeleton (D:5)
  3 worms
  3 dart slugs
  43 orcs
  8 ball pythons
  5 endoplasms
  4 giant cockroaches
  11 goblins
  10 hobgoblins
  3 quokkas
  4 bats
  3 frilled lizards
  10 kobolds
  5 rats
  5 river rat simulacra (D:10)
  3 tentacles (Hell)
797 creatures vanquished.

Vanquished Creatures (collateral kills)
  the Enchantress (Depths:1)
  An iron dragon (Depths:1)
  An orc warlord (Depths:1)
  2 deep troll shamans (Depths:1)
  A quicksilver dragon simulacrum (Hell)
  A deep troll (Depths:1)
  An orc knight (Depths:1)
  A cyclops (D:13)
9 creatures vanquished.

Vanquished Creatures (others)
  A wizard (D:13)
  A necromancer (Hell)
  A vampire mosquito (D:13)
  18 fungi
  51 plants
  7 tentacles (Hell)
79 creatures vanquished.

Grand Total: 885 creatures vanquished

Notes
Turn   | Place    | Note
-------+----------+-------------------------------------------
     0 | D:1      | ryathie the Troll Fighter began the quest for the Orb.
     0 | D:1      | Reached XP level 1. HP: 22/22 MP: 0/0
   226 | D:1      | Reached XP level 2. HP: 29/29 MP: 1/1
   445 | D:1      | Found a faded altar of an unknown god.
  1049 | D:2      | Found a glowing silver altar of Zin.
  1132 | D:2      | Reached XP level 3. HP: 36/36 MP: 2/2
  1195 | D:2      | You fall into a shaft and drop 1 floor!
  1229 | D:2      | Reached skill level 3 in Unarmed Combat
  1635 | D:3      | Noticed Grinder
  1729 | D:3      | Noticed Terence
  1746 | D:2      | Killed Terence
  1747 | D:2      | Reached XP level 4. HP: 41/44 MP: 3/3
  1938 | D:3      | Reached skill level 4 in Unarmed Combat
  2187 | D:3      | Reached XP level 5. HP: 48/50 MP: 4/4
  2240 | D:3      | Found a broken altar of Ashenzari.
  2714 | D:4      | Found a staircase to the Ecumenical Temple.
  2767 | D:4      | Found a snail-covered altar of Cheibriados.
  2860 | D:4      | Reached skill level 5 in Unarmed Combat
  2955 | D:4      | Reached XP level 6. HP: 59/59 MP: 5/5
  3000 | D:4      | Noticed Natasha
  3014 | D:4      | Killed Natasha
  3074 | D:4      | Found a shadowy altar of Dithmenos.
  3300 | D:4      | Found a stormy altar of Qazlal.
  3588 | D:5      | Entered Level 5 of the Dungeon
  3652 | D:5      | Reached skill level 6 in Unarmed Combat
  3715 | D:5      | Reached XP level 7. HP: 13/66 MP: 6/6
  3995 | D:5      | Noticed Blork the orc
  4029 | D:5      | Killed Blork the orc
  4059 | D:5      | Noticed Ijyb
  4074 | D:5      | Killed Ijyb
  4286 | D:5      | Reached skill level 7 in Unarmed Combat
  4334 | D:5      | Noticed Pikel
  4345 | D:5      | Killed Pikel
  4346 | D:5      | Reached skill level 5 in Shields
  4346 | D:5      | Reached skill level 8 in Unarmed Combat
  4346 | D:5      | Reached XP level 8. HP: 52/74 MP: 7/7
  4373 | D:5      | Noticed Edmund
  4390 | D:4      | Killed Edmund
  4437 | D:5      | Reached skill level 9 in Unarmed Combat
  4761 | D:6      | Noticed a komodo dragon
  4906 | D:6      | Noticed Maggie
  4920 | D:6      | Killed Maggie
  5161 | D:6      | Reached XP level 9. HP: 85/85 MP: 8/8
  5191 | D:6      | Killed a komodo dragon
  5192 | D:6      | Reached skill level 10 in Unarmed Combat
  5288 | D:6      | Reached skill level 5 in Fighting
  5450 | Temple   | Entered the Ecumenical Temple
  5671 | Temple   | Became a worshipper of Trog the Wrathful
  5705 | D:4      | Noticed Natasha
  5752 | D:4      | Killed Natasha
  5801 | D:6      | Noticed a two-headed ogre
  6720 | D:7      | Found a burning altar of Makhleb.
  6890 | D:8      | Found Rupuokig's Weapon Boutique.
  6988 | D:8      | Reached skill level 11 in Unarmed Combat
  7176 | D:8      | Noticed a two-headed ogre
  7294 | D:8      | Reached XP level 10. HP: 84/100 MP: 9/9
  7351 | D:8      | Found a runed translucent gate.
  7351 | D:8      | Found a runed translucent gate.
  7351 | D:8      | Found a runed translucent gate.
  7352 | D:8      | Noticed YungCoward's ghost (novice GrBe)
  7696 | D:9      | Noticed Harold
  7704 | D:8      | Killed Harold
  7709 | D:8      | Reached skill level 12 in Unarmed Combat
  7821 | D:9      | Identified a scroll of acquirement
  7821 | D:9      | Acquired the +4 skin of Zhor {*Englaciate rC+++ SInv}
  7821 | D:9      | Found the +4 skin of Zhor {*Englaciate rC+++ SInv}
  7942 | D:9      | Reached * piety under Trog
  7979 | D:9      | Found a staircase to the Orcish Mines.
  8049 | D:9      | Found a flagged portal.
  8058 | Bailey   | Entered a bailey
  8276 | Bailey   | Reached ** piety under Trog
  8428 | D:9      | Reached skill level 13 in Unarmed Combat
  8634 | D:9      | Found a staircase to the Lair.
  8971 | D:10     | Entered Level 10 of the Dungeon
  8974 | D:10     | Noticed Nergalle
  9077 | D:10     | Killed Nergalle
  9183 | D:10     | Reached XP level 11. HP: 79/109 MP: 10/10
  9224 | D:10     | Found a white marble altar of Elyvilon.
  9225 | D:10     | Found a glowing golden altar of the Shining One.
  9330 | D:10     | Reached skill level 14 in Unarmed Combat
  9414 | D:10     | Noticed Erolcha
  9432 | D:10     | Killed Erolcha
  9446 | D:10     | Found a hide-covered altar of Uskayaw.
  9446 | D:10     | Found an iron altar of Okawaru.
  9695 | D:10     | Noticed a necromancer
  9711 | D:10     | Killed a necromancer
  9853 | D:10     | Reached skill level 15 in Unarmed Combat
 10129 | D:11     | Noticed a boulder beetle
 10176 | D:11     | Noticed a two-headed ogre
 10176 | D:11     | Noticed a six-headed hydra
 10258 | D:11     | Killed a six-headed hydra
 10286 | D:11     | Reached *** piety under Trog
 10287 | D:11     | Reached skill level 1 in Evocations
 10317 | D:10     | Killed a boulder beetle
 10366 | D:11     | Noticed a two-headed ogre
 10383 | D:11     | Killed a two-headed ogre
 10505 | D:11     | Noticed a two-headed ogre
 10531 | D:11     | Killed a two-headed ogre
 10603 | D:11     | Killed a two-headed ogre
 10777 | D:12     | Noticed a two-headed ogre
 10782 | D:12     | Killed a two-headed ogre
 10858 | D:12     | Found a flickering gateway to a bazaar.
 10875 | D:12     | Reached XP level 12. HP: 101/119 MP: 11/11
 10882 | Bazaar   | Entered a bazaar
 10912 | Bazaar   | Found Hutuec's Magic Scroll Emporium.
 10928 | Bazaar   | Found Izxiv's Book Shoppe.
 10928 | Bazaar   | Found Jiomi's Distillery.
 10950 | Bazaar   | Found Davirchea's Book Shoppe.
 10950 | Bazaar   | Found Vomir's Jewellery Emporium.
 10999 | Bazaar   | Bought a ring of protection from fire for 175 gold pieces
 11025 | Bazaar   | Bought a scroll of blinking for 105 gold pieces
 11025 | Bazaar   | Bought 2 scrolls of blinking for 210 gold pieces
 11045 | Bazaar   | Bought a potion of haste for 110 gold pieces
 11252 | D:12     | Reached skill level 5 in Dodging
 11566 | D:12     | Noticed Urug
 11604 | D:12     | Killed Urug
 11605 | D:12     | Reached skill level 16 in Unarmed Combat
 11676 | D:12     | Noticed a two-headed ogre
 11723 | D:12     | Killed a two-headed ogre
 11836 | D:12     | Found an ancient bone altar of Kikubaaqudgha.
 11870 | D:12     | Noticed a two-headed ogre
 11886 | D:12     | Killed a two-headed ogre
 12411 | D:13     | Noticed Maurice
 12439 | D:13     | Killed Maurice
 12483 | D:13     | Noticed a two-headed ogre
 12483 | D:13     | Noticed a death knight
 12505 | D:12     | Killed a two-headed ogre
 12763 | D:13     | Noticed a boulder beetle
 12774 | D:13     | Killed a boulder beetle
 12916 | D:13     | Noticed a boulder beetle
 12972 | D:13     | Killed a boulder beetle
 12972 | D:13     | Reached **** piety under Trog
 13083 | D:13     | Killed a death knight
 13084 | D:13     | Reached XP level 13. HP: 127/127 MP: 12/12
 13183 | D:13     | Reached skill level 17 in Unarmed Combat
 13205 | D:13     | Reached skill level 5 in Evocations
 13633 | D:13     | Noticed a stone giant
 13817 | D:13     | Noticed a tengu reaver
 13817 | D:13     | Noticed a storm dragon
 14179 | D:13     | Killed a tengu reaver
 14312 | D:13     | Killed a stone giant
 14387 | D:13     | Killed a storm dragon
 14443 | D:13     | Reached skill level 10 in Fighting
 14522 | D:13     | Reached skill level 1 in Armour
 14764 | D:13     | Found a gate to the Vaults.
 14780 | D:13     | Reached XP level 14. HP: 144/144 MP: 13/13
 14886 | D:13     | Noticed a fire giant
 15111 | D:13     | Reached skill level 18 in Unarmed Combat
 15263 | D:13     | Killed a fire giant
 15584 | D:14     | Found Borubom's Distillery.
 15591 | D:14     | Bought a potion of haste for 190 gold pieces
 15705 | D:13     | Reached ***** piety under Trog
 16129 | D:14     | Reached skill level 5 in Armour
 16513 | D:15     | Entered Level 15 of the Dungeon
 16535 | D:15     | Noticed Kirke
 16648 | D:14     | Killed Kirke
 16875 | D:15     | Noticed Nessos
 16883 | D:15     | Killed Nessos
 17138 | D:15     | Found a staircase to the Depths.
 17714 | Depths:1 | Entered Level 1 of the Depths
 18323 | D:3      | Killed Grinder
 18525 | D:8      | Killed YungCoward's ghost
 18849 | Depths:1 | Noticed a fire giant
 18934 | D:15     | Killed a fire giant
 18935 | D:15     | Reached XP level 15. HP: 158/158 MP: 8/14
 19573 | Depths:1 | Reached skill level 1 in Throwing
 19660 | D:15     | Received a gift from Trog
 20257 | Depths:1 | Noticed a frost giant
 20293 | Depths:1 | Killed a frost giant
 21243 | Depths:1 | Found a gateway to Hell.
 21520 | Depths:1 | Noticed an iron dragon
 21549 | Depths:1 | Killed an iron dragon
 21709 | Depths:1 | Found a one-way gate to the infinite horrors of the Abyss.
 21786 | Depths:1 | Noticed an orc warlord
 21786 | Depths:1 | Noticed an orc warlord
 21796 | Depths:1 | Killed an orc warlord
 21851 | Depths:1 | Killed an orc warlord
 22069 | Depths:2 | Noticed Saint Roka
 22069 | Depths:2 | Noticed the Enchantress
 22083 | Depths:1 | Reached XP level 16. HP: 171/171 MP: 15/15
 22409 | Depths:2 | Noticed ragingrage's ghost (adept MiBe)
 22411 | Depths:2 | Noticed a juggernaut
 22486 | Depths:2 | Killed Saint Roka
 22487 | Depths:2 | Reached skill level 10 in Armour
 22615 | Depths:2 | Noticed a walking crystal tome
 22644 | Depths:2 | Noticed a deep elf blademaster
 22644 | Depths:2 | Identified the amulet of the Saviour {Reflect Harm rElec
                  | rF++ Regen+ SH+5}
 22644 | Depths:2 | Noticed a deep elf blademaster
 22795 | Depths:2 | Killed a walking crystal tome
 22991 | Depths:2 | Paralysed by a floating eye for 2 turns
 23070 | Depths:2 | You fall into a shaft and drop 1 floor!
 23228 | Depths:2 | Noticed Aizul
 23440 | Depths:3 | Killed Aizul
 23454 | Depths:3 | Reached skill level 19 in Unarmed Combat
 24065 | Depths:2 | Paralysed by a great orb of eyes for 2 turns
 24381 | Depths:1 | Killed the Enchantress
 24506 | Depths:1 | Reached XP level 17. HP: 180/180 MP: 8/16
 24595 | Depths:2 | Found a one-way gate leading to the halls of Pandemonium.
 24891 | Depths:2 | Found a bloodstained altar of Trog.
 24905 | Depths:2 | Found a transporter.
 24907 | Depths:2 | Found a transporter.
 26021 | Depths:2 | Noticed a royal mummy
 26028 | Depths:2 | Killed a royal mummy
 26158 | Depths:3 | Identified the ring "Lehoss" {rF- rC- rCorr Str+9 Dex+7}
 26386 | Depths:3 | Found a corrupted altar of Lugonu.
 27202 | Depths:3 | Noticed a golden dragon
 27228 | Depths:3 | Killed a golden dragon
 27364 | Depths:3 | Noticed a golden dragon
 27375 | Depths:3 | Killed a golden dragon
 27391 | Depths:3 | Noticed a walking frostbound tome
 27406 | Depths:3 | Killed a walking frostbound tome
 27461 | Depths:3 | Received a gift from Trog
 27463 | Depths:3 | Found a blossoming altar of Fedhas.
 27841 | Depths:3 | Reached skill level 15 in Fighting
 27841 | Depths:3 | Reached skill level 20 in Unarmed Combat
 27913 | Depths:4 | Entered Level 4 of the Depths
 28306 | Depths:3 | Reached XP level 18. HP: 128/193 MP: 10/17
 29697 | Depths:4 | Reached skill level 5 in Throwing
 30275 | Depths:4 | Found a broken altar of Ashenzari.
 30500 | Depths:4 | Noticed a golden dragon
 30520 | Depths:4 | Killed a golden dragon
 30550 | Depths:4 | Noticed a golden dragon
 30573 | Depths:4 | Killed a golden dragon
 30629 | Depths:4 | Noticed a bone dragon
 30649 | Depths:4 | Killed a bone dragon
 30727 | Depths:4 | Found a gate to the Realm of Zot.
 31170 | Depths:4 | Noticed a lich
 31189 | Depths:4 | Killed a lich
 31414 | Hell     | Entered the Vestibule of Hell
 31414 | Hell     | Noticed Geryon
 31584 | Hell     | Received a gift from Trog
 32901 | Hell     | HP: 7/178 [necromancer/bolt of negative energy (12)]
 33157 | Hell     | Killed Geryon
 33185 | Hell     | Reached XP level 19. HP: 147/196 MP: 15/18
 33252 | Hell     | Noticed an iron giant
 33280 | Hell     | Killed an iron giant
 33417 | Hell     | HP: 12/288 [poison (dark miasma)]
 33418 | Hell     | Succumbed to poison (dark miasma)

Illustrated notes

Levels and vault maps discovered:
D:1:      dpeg_arrival_houses_and_road, layout_basic,
          chequers_ecumenical_altar_island, st_stairs_1,
          chequers_serial_rivers_marsh
D:2:      layout_basic, basic_altar
D:3:      layout_basic, nicolae_overflow_hidden_temple, uniq_terence,
          uniq_grinder
D:4:      layout_basic, nicolae_qazlal_eye_of_the_storm,
          mainiacjoe_overflow_catwalk, chei_slow_surprise,
          minmay_temple_entry_junction, uniq_natasha
D:5:      layout_loops_corners, uniq_edmund, uniq_blork_the_orc, uniq_ijyb,
          uniq_pikel
D:6:      layout_gridville, uniq_maggie
D:7:      layout_cave_pools, lightli_temple_of_fire
D:8:      layout_loops_cross, serial_shops,
          nicolae_shop_competitors_out_of_business,
          gammafunk_ghost_nasty_kobolds
D:9:      layout_basic, dpeg_oklobed_lair, erik_orc_4, enter_bailey_5,
          uniq_harold
D:10:     layout_loops_cross, nicolae_overflow_squiral,
          gammafunk_temple_overflow_elements, hex_medium,
          eino_house_with_fridge, uniq_nergalle, uniq_erolcha
D:11:     layout_rooms
D:12:     layout_basic, serial_shops, bzr_entry_water, kiku_gazebo_pond_becter,
          uniq_urug
D:13:     minmay_stone_box, layout_cave_pools, grunt_vaults_entry_tiered,
          nicolae_rejected_hall, uniq_maurice
D:14:     layout_long_grid, serial_shops,
          nicolae_shop_competitors_out_of_business
D:15:     gammafunk_enter_depths_forms, layout_rooms, hangedman_decor_opposing,
          uniq_nessos, uniq_kirke
Temple:   nicolae_temple_figure_eight
Depths:1: layout_forbidden_donut, enter_ziggurat_d, serial_sigils,
          serial_sigils_hangedman_etch, serial_sigils_hangedman_leer,
          serial_sigils_hangedman_scar, serial_sigils_hangedman_gnaw,
          serial_sigils_hangedman_quiver, serial_sigils_hangedman_shear,
          grunt_mini_vestibule, abyss_entry, minmay_orc_keep
Depths:2: lemuel_minitomb, layout_cave_pools, gammafunk_ghost_wrathful_warriors,
          rand_demon_pan_entry_7, roderic_serpentine_path, hell_entry,
          uniq_aizul, uniq_saint_roka, uniq_enchantress
Depths:3: nzn_winding_woodlands_cross [nzn_winding_woodlands_5x15_crooked,
          nzn_winding_woodlands_5x15_pathside_ponds,
          nzn_winding_woodlands_5x15_default, nzn_winding_woodlands_5x15_cabin,
          nzn_winding_woodlands_15x15_five_gardens], layout_basic, hell_entry,
          abyss_entry_flame_altar, infiniplex_staircase_pool_2, fedhas_altar_3,
          serial_bayou_shore_b
Depths:4: grunt_crosshair, layout_cave_pools, hell_entry,
          nicolae_ashenzari_panopticon, rand_demon_pan_entry_5
Hell

Skill      XL: |  1  2  3  4  5  6  7  8  9 10 11 12 13 14 15 16 17 18 |
---------------+-------------------------------------------------------+-----
Shields        | 3 4 5 6 8 9 |  9.8
Unarmed Combat | 3 4 5 6 8 9 11 13 15 16 17 18 19 20 | 20.4
Fighting       | 4 6 7 8 10 12 13 14 15 | 15.4
Evocations     | 2 4 5 6 7 |  7.0
Dodging        | 4 6 |  6.0
Armour         | 2 7 9 11 12 13 | 13.0
Throwing       | 4 8 |  8.0

Action                   |  1- 3 |  4- 6 |  7- 9 | 10-12 | 13-15 | 16-18 | 19-21 || total
-------------------------+-------+-------+-------+-------+-------+-------+-------++-------
Melee: Unarmed           |    72 |   170 |   202 |   553 |   984 |  1571 |    46 ||  3598
Throw: Throwing net      |       |       |     3 |       |       |       |       ||     3
       Large rock        |       |       |       |       |    11 |     2 |       ||    13
       Dart              |       |       |       |       |       |     1 |       ||     1
Invok: Berserk           |       |       |       |     7 |    21 |    19 |     2 ||    49
       Trog's Hand       |       |       |       |     1 |     2 |     4 |     1 ||     8
       Brothers in Arms  |       |       |       |       |     3 |     4 |       ||     7
Evoke: Wand              |       |       |     2 |     7 |     2 |     8 |       ||    19
       Condenser vane    |       |       |       |       |     1 |     2 |       ||     3
       Phial of floods   |       |       |       |       |       |     2 |       ||     2
  Use: Scroll            |       |       |    10 |    15 |    10 |     9 |       ||    44
       Potion            |       |       |       |       |     4 |     8 |       ||    12
 Stab: Sleeping          |       |     1 |       |       |       |       |       ||     1
       Paralysed         |       |       |       |       |     2 |     3 |       ||     5
Armor: Robe              |    17 |    37 |    12 |       |       |       |       ||    66
       Acid dragon scale |       |       |    51 |     5 |       |       |       ||    56
       Animal skin       |       |       |       |   111 |    53 |       |       ||   164
       Storm dragon scal |       |       |       |       |   638 |   908 |     9 ||  1555
Dodge: Dodged            |    19 |    47 |    80 |   191 |   305 |   415 |     6 ||  1063
Block: Kite shield       |    19 |    43 |    81 |   186 |   511 |   629 |    11 ||  1480
